 Dungeon Crawl Stone Soup version 0.21.0-24-g2553a33 (webtiles) character file.

532 tidbits the Charmwright (level 7, 0/84 HPs)
             Began as a Gnoll Skald on Jan 20, 2018.
             Slain by an orc (2 damage)
             ... on level 7 of the Dungeon.
             The game lasted 00:12:55 (1406 turns).

tidbits the Charmwright (Gnoll Skald)               Turns: 1406, Time: 00:12:55

Health: 0/84       AC: 23    Str: 13    XL:     7   Next: 24%
Magic:  2/15       EV:  2    Int: 23    God:
Gold:   223        SH:  8    Dex: 14    Spells: 6/17 levels left

rFire    . . .     SeeInvis .   a - +0 hand axe
rCold    . . .     Gourm    .   D - +0 buckler
rNeg     + + +     Faith    .   (armour currently unavailable)
rPois    +         Spirit   .   (helmet currently unavailable)
rElec    .         Reflect  +   (cloak currently unavailable)
rCorr    +         Harm     .   (gloves currently unavailable)
MR       .....     Clarity  +   (boots currently unavailable) Stlth ++........NoTele +
                                q - +4 amulet of reflection
HPRegen  0.24/turn              m - ring of resist corrosion
MPRegen  0.14/turn              (no ring)

@: brilliant, tree-form (expiring), very slightly contaminated, invisible
A: distributed training, clarity, strong nose
a: no special abilities


You were on level 7 of the Dungeon.
You were full.
You were a tree.
You visited 1 branch of the dungeon, and saw 7 of its levels.

You collected 223 gold pieces.

Inventory:

Hand Weapons
 a - a +0 hand axe (weapon)
 b - a +0 flail
 e - a +0 dagger
 h - a +0 club
 j - a +0 hunting sling
 t - a +1 dagger of flaming
   (You took it off an orc on level 5 of the Dungeon)
Missiles
 n - 44 arrows
Armour
 k - a +0 ring mail
 r - a +1 leather armour
 B - a +1 robe of cold resistance (melded)
   (You found it on level 5 of the Dungeon)
 D - a +0 buckler (worn)
Jewellery
 m - a ring of resist corrosion (left branch)
   (You found it on level 2 of the Dungeon)
 o - an uncursed ring of fire
   (You found it on level 5 of the Dungeon)
 q - a +4 amulet of reflection (around neck)
   (You found it on level 5 of the Dungeon)
Scrolls
 g - 3 scrolls of remove curse
 i - 6 scrolls of identify
 l - 3 scrolls of teleportation
Books
 c - a book of Battle

   Spells                             Type                      Level
   a - Infusion                       Charms                       1
   b - Shroud of Golubria             Charms/Translocation         2
   c - Song of Slaying                Charms                       2
   d - Spectral Weapon                Hexes/Charms                 3
   e - Regeneration                   Charms/Necromancy            3
Comestibles
 d - 5 rations


   Skills:
 + Level 5.1 Fighting
 + Level 2.3 Short Blades
 + Level 2.3 Long Blades
 + Level 5.1 Axes
 + Level 2.3 Maces & Flails
 + Level 2.3 Polearms
 + Level 2.3 Staves
 + Level 2.3 Slings
 + Level 2.3 Bows
 + Level 2.3 Crossbows
 + Level 2.3 Throwing
 + Level 3.5 Armour
 + Level 5.1 Dodging
 + Level 2.3 Stealth
 + Level 2.3 Shields
 + Level 2.3 Unarmed Combat
 + Level 5.5 Spellcasting
 + Level 1.9 Conjurations
 + Level 1.9 Hexes
 + Level 5.8 Charms
 + Level 1.9 Summonings
 + Level 1.9 Necromancy
 + Level 1.9 Translocations
 + Level 1.9 Transmutations
 + Level 1.9 Fire Magic
 + Level 1.9 Ice Magic
 + Level 1.9 Air Magic
 + Level 1.9 Earth Magic
 + Level 1.9 Poison Magic
 + Level 2.5 Invocations
 + Level 2.3 Evocations


You had 6 spell levels left.
You knew the following spells:

 Your Spells              Type           Power        Failure   Level  Hunger
g - Shroud of Golubria    Chrm/Tloc      #####.....   1%          2    None
i - Infusion              Chrm           ####         1%          1    None
r - Regeneration          Chrm/Necr      #####.....   1%          3    ##.....
w - Spectral Weapon       Hex/Chrm       #####...     1%          3    ##.....
y - Song of Slaying       Chrm           #####...     1%          2    None


Dungeon Overview and Level Annotations

Branches:
Dungeon (7/15)
 Temple: D:4-7

Altars:
Nemelex Xobeh
Trog
Yredelemnul
The Shining One


Innate Abilities, Weirdness & Mutations

Your experience applies equally to all skills.
((You have very sharp teeth.))
Your uncanny sense of smell can sniff out nearby items.
((You have a pair of small antennae on your head.))
You possess an exceptional clarity of mind.
((Your movements are slightly less encumbered by armour. (ER -2)))


Message History

You hit the wight but do no damage.
You catch the helpless gnoll completely off-guard!
You hit the gnoll but do no damage.
Your shroud bends the gnoll's attack away.
You block the wight's attack. You block the gnoll's attack.
The wight barely misses you.
Unknown command.
You hit the wight.
The wight is lightly damaged.
You hit the gnoll but do no damage. You barely miss the gnoll.
The orc throws a tomahawk.
The tomahawk hits the gnoll but does no damage.
The centaur wields a glowing shortbow.
It bursts into flame!
The centaur shoots an arrow.
The arrow hits the gnoll!
The arrow burns the gnoll.
The gnoll dies!
You block the gnoll's attack.
Unknown command.
Okay, then.
You hit the gnoll.
You kill the gnoll!
You catch the helpless wight completely off-guard!
You hit the wight but do no damage.
You feel yourself slow down. The wight hits you but does no damage.
The centaur shoots an arrow.
The arrow hits you but does no damage.
Unknown command.
You feel clever all of a sudden.
The ogre shouts!
You hear an angry hiss.
The orc throws a tomahawk.
The tomahawk hits the ogre but does no damage.
The wight hits you but does no damage. x2; The orc hits you but does no damage.
Unknown command.
You catch the helpless wight completely off-guard!
You hit the wight.
The wight is heavily damaged.
You barely miss the orc. You barely miss the wight.
The wight hits you but does no damage. The orc hits you but does no damage.
Unknown command.
Casting: Shroud of Golubria
Confirm with . or Enter, or press ? or * to list all spells.
You renew your shroud.
The centaur shoots an arrow.
The arrow hits you but does no damage.
The orc throws a tomahawk.
The tomahawk hits the orc.
The gnoll hits you from afar with a halberd.
* * * LOW HITPOINT WARNING * * *
Your shroud falls apart!
The wight hits you but does no damage.
Unknown command.
You catch the helpless ogre completely off-guard!
You hit the ogre but do no damage. You hit the wight but do no damage.
You hit the orc.
The centaur shoots an arrow.
The arrow hits the ogre!
The arrow burns the ogre.
You block the ogre's attack.
The centaur shoots an arrow.
The arrow hits the ogre.
The arrow burns the ogre.
The orc hits you but does no damage.
Unknown command.
You barely miss the gnoll.
The leopard gecko hisses angrily.
You hit the ogre but do no damage. You barely miss the orc. You hit the wight.
You block the wight's attack.
The orc throws a tomahawk.
You block the gnoll's attack. The orc hits you.
* * * LOW HITPOINT WARNING * * *
Unknown command.
You aren't carrying any potions.
Unknown command.
Casting: Shroud of Golubria
Confirm with . or Enter, or press ? or * to list all spells.
You don't have enough magic to cast that spell.
You closely miss the wight.
The wight is severely damaged.
You barely miss the gnoll.
You catch the helpless ogre completely off-guard!
You hit the ogre but do no damage.
The leopard gecko hisses angrily.
You hit the orc but do no damage.
The centaur shoots an arrow.
The arrow hits the ogre!
The arrow burns the ogre.
The ogre dies!
The wight hits you but does no damage. You block the gnoll's attack.
The centaur shoots an arrow.
You reflect the arrow off an invisible shield around you!
The arrow hits the centaur!
The arrow burns the centaur.
The orc hits you but does no damage.
Unknown command.
You catch the helpless wight completely off-guard!
You hit the wight.
The wight is severely damaged.
You hit the orc.
You strike the helpless gnoll from behind!
You hit the gnoll but do no damage. The wight hits you with a halberd.
* * * LOW HITPOINT WARNING * * *
The gnoll hits you but does no damage.
The leopard gecko hisses angrily.
You hit the wight but do no damage.
The wight is severely damaged.
You closely miss the orc. You closely miss the gnoll.
Your transformation is almost over.
The centaur shoots an arrow.
The arrow hits you but does no damage. The wight hits you but does no damage.
The gnoll hits you but does no damage. The orc hits you.
You die...

#...<.......#
...
#...####....#
.... ###.
##...#.....
#.####..........
#........)#.....
#####...........
#..##.#......
##o.......(#..
#♣...[...### .
.....cogz##.####
....(.((.#..#
.........# ##
####.##.o. #.
#lz.. . ..#.# ..
%.#.#


You could see a centaur, 2 wights, a gnoll, 3 orcs and a leopard gecko
(wandering).

Vanquished Creatures
  2 crimson imps (D:5)
  A centaur zombie (D:5)
  A hound (D:4)
  A bullfrog skeleton (D:5)
  An iguana (D:5)
  3 orc wizards
  3 worker ants
  2 killer bee zombies
  A hound skeleton (D:3)
  A worker ant zombie (D:5)
  A gnoll (D:7)
  5 adders
  2 oozes (D:1)
  2 worms
  A dart slug (D:2)
  A leopard gecko (D:1)
  6 orcs
  3 ball pythons
  4 giant cockroaches
  6 goblins
  7 hobgoblins
  12 jackals
  2 quokkas
  4 bats (D:1)
  3 frilled lizards
  A giant cockroach zombie (D:6)
  2 kobolds (D:1)
  A leopard gecko skeleton (D:5)
  5 rats
84 creatures vanquished.

Vanquished Creatures (others)
  An ogre (D:7)
  A gnoll (D:7)
2 creatures vanquished.

Grand Total: 86 creatures vanquished

Notes
Turn   | Place    | Note
-------+----------+-------------------------------------------
     0 | D:1      | tidbits the Gnoll Skald began the quest for the Orb.
     0 | D:1      | Reached XP level 1. HP: 20/20 MP: 6/6
    35 | D:1      | Reached XP level 2. HP: 19/26 MP: 0/7
    42 | D:1      | Learned a level 2 spell: Shroud of Golubria
    45 | D:1      | Learned a level 2 spell: Song of Slaying
   165 | D:1      | Reached skill level 5 in Spellcasting
   165 | D:1      | Reached XP level 3. HP: 21/31 MP: 0/9
   175 | D:1      | Learned a level 3 spell: Spectral Weapon
   179 | D:1      | Learned a level 3 spell: Regeneration
   272 | D:1      | Reached skill level 1 in Invocations
   318 | D:2      | Found a basalt altar of Yredelemnul.
   355 | D:2      | Found a sparkling altar of Nemelex Xobeh.
   440 | D:3      | Reached skill level 1 in Short Blades
   440 | D:3      | Reached skill level 1 in Long Blades
   440 | D:3      | Reached skill level 1 in Maces & Flails
   440 | D:3      | Reached skill level 1 in Polearms
   440 | D:3      | Reached skill level 1 in Staves
   440 | D:3      | Reached skill level 1 in Slings
   440 | D:3      | Reached skill level 1 in Bows
   440 | D:3      | Reached skill level 1 in Crossbows
   440 | D:3      | Reached skill level 1 in Throwing
   440 | D:3      | Reached skill level 1 in Stealth
   440 | D:3      | Reached skill level 1 in Shields
   440 | D:3      | Reached skill level 1 in Unarmed Combat
   440 | D:3      | Reached skill level 1 in Evocations
   446 | D:3      | Reached XP level 4. HP: 27/38 MP: 3/11
   722 | D:3      | Reached skill level 1 in Conjurations
   722 | D:3      | Reached skill level 1 in Hexes
   722 | D:3      | Reached skill level 1 in Summonings
   722 | D:3      | Reached skill level 1 in Necromancy
   722 | D:3      | Reached skill level 1 in Translocations
   722 | D:3      | Reached skill level 1 in Transmutations
   722 | D:3      | Reached skill level 1 in Fire Magic
   722 | D:3      | Reached skill level 1 in Ice Magic
   722 | D:3      | Reached skill level 1 in Air Magic
   722 | D:3      | Reached skill level 1 in Earth Magic
   722 | D:3      | Reached skill level 1 in Poison Magic
   724 | D:3      | Found a bloodstained altar of Trog.
   848 | D:5      | Entered Level 5 of the Dungeon
   902 | D:4      | Reached XP level 5. HP: 33/43 MP: 3/12
   912 | D:4      | Reached skill level 3 in Armour
   976 | D:5      | Reached XP level 6. HP: 31/50 MP: 2/13
   997 | D:5      | Reached skill level 2 in Invocations
  1138 | D:5      | Reached skill level 5 in Fighting
  1138 | D:5      | Reached skill level 2 in Short Blades
  1138 | D:5      | Reached skill level 2 in Long Blades
  1138 | D:5      | Reached skill level 5 in Axes
  1138 | D:5      | Reached skill level 2 in Maces & Flails
  1138 | D:5      | Reached skill level 2 in Polearms
  1138 | D:5      | Reached skill level 2 in Staves
  1138 | D:5      | Reached skill level 2 in Slings
  1138 | D:5      | Reached skill level 2 in Bows
  1138 | D:5      | Reached skill level 2 in Crossbows
  1138 | D:5      | Reached skill level 2 in Throwing
  1138 | D:5      | Reached skill level 5 in Dodging
  1138 | D:5      | Reached skill level 2 in Stealth
  1138 | D:5      | Reached skill level 2 in Shields
  1138 | D:5      | Reached skill level 2 in Unarmed Combat
  1138 | D:5      | Reached skill level 2 in Evocations
  1240 | D:5      | Found a glowing golden altar of the Shining One.
  1268 | D:5      | Reached XP level 7. HP: 30/56 MP: 6/15
  1364 | D:7      | HP: 5/56 [killer bee zombie (2)]
  1367 | D:7      | Gained mutation: Your movements are slightly less encumbered by armour. (ER -2) [potion of mutation]
  1367 | D:7      | Gained mutation: You possess an exceptional clarity of mind. [potion of mutation]
  1367 | D:7      | Gained mutation: You have a pair of small antennae on your head. [potion of mutation]
  1374 | D:7      | HP: 4/84 [orc wizard/magic dart (3)]
  1401 | D:7      | HP: 5/84 [gnoll/halberd (3)]
  1405 | D:7      | HP: 1/84 [wight/halberd (2)]
  1406 | D:7      | Slain by an orc

Skill      XL: |  1  2  3  4  5  6 |
---------------+-------------------+-----
Spellcasting   | 5 |  5.5
Invocations    | 1 2 |  2.5
Short Blades   | 1 2 |  2.3
Long Blades    | 1 2 |  2.3
Maces & Flails | 1 2 |  2.3
Polearms       | 1 2 |  2.3
Staves         | 1 2 |  2.3
Slings         | 1 2 |  2.3
Bows           | 1 2 |  2.3
Crossbows      | 1 2 |  2.3
Throwing       | 1 2 |  2.3
Stealth        | 1 2 |  2.3
Shields        | 1 2 |  2.3
Unarmed Combat | 1 2 |  2.3
Evocations     | 1 2 |  2.3
Conjurations   | 1 |  1.9
Hexes          | 1 |  1.9
Summonings     | 1 |  1.9
Necromancy     | 1 |  1.9
Translocations | 1 |  1.9
Transmutations | 1 |  1.9
Fire Magic     | 1 |  1.9
Ice Magic      | 1 |  1.9
Air Magic      | 1 |  1.9
Earth Magic    | 1 |  1.9
Poison Magic   | 1 |  1.9
Armour         | 3 |  3.5
Fighting       | 5 |  5.1
Axes           | 5 |  5.1
Dodging        | 5 |  5.1
Charms         | |  5.8

Action                   |  1- 3 |  4- 6 |  7- 9 || total
-------------------------+-------+-------+-------++-------
Melee: Hand axe          |    87 |   116 |    43 ||   246
       Bite              |     6 |     8 |     2 ||    16
       Unarmed           |       |       |     2 ||     2
 Cast: Infusion          |     6 |       |     1 ||     7
       Spectral Weapon   |     6 |    21 |     3 ||    30
       Shroud of Golubri |       |     4 |     3 ||     7
       Regeneration      |       |     2 |     1 ||     3
  Use: Potion            |     3 |     4 |     5 ||    12
       Scroll            |       |     5 |       ||     5
 Stab: Invisible         |       |     3 |    14 ||    17
  Eat: Ration            |     1 |     2 |       ||     3
Armor: Leather armour    |    22 |     8 |       ||    30
       Skin              |       |    12 |    31 ||    43
       Robe              |       |     1 |     1 ||     2
Dodge: Dodged            |    68 |    60 |    23 ||   151
Block: Other             |       |     3 |       ||     3
       Buckler           |       |    21 |    17 ||    38
       Reflection        |       |       |     1 ||     1

Table legend:
 A = Turns spent in this place as a percentage of turns spent in the entire game.
 B = Non-inter-level travel turns spent in this place as a percentage of non-inter-level travel turns spent in the entire game.
 C = Inter-level travel turns spent in this place as a percentage of turns spent in this place.
 D = Turns resting spent in this place as a percentage of non-inter-level travel turns spent in this place.
 E = Turns spent auto-exploring this place as a percentage of non-inter-level travel turns spent in this place.
 F = Non-inter-level travel turns spent in this place divided by the number of levels of this place that you've seen.
                   A       B       C       D       E      F
               +-------+-------+-------+-------+-------+----------------------
         Total | 100.0 | 100.0 |   0.0 |   0.0 |   0.0 | 200.9
       Dungeon | 100.0 | 100.0 |   0.0 |   0.0 |   0.0 | 200.9
               +-------+-------+-------+-------+-------+----------------------

Table legend:
 A = Kills in this place as a percentage of kills in entire the game.
 B = Kills by you in this place as a percentage of kills by you in the entire game.
 C = Kills by friends in this place as a percentage of kills by friends in the entire game.
 D = Other kills in this place as a percentage of other kills in the entire game.
 E = Experience gained in this place as a percentage of experience gained in the entire game.
 F = Experience gained in this place divided by the number of levels of this place that you have seen.
                   A       B       C       D       E      F
               +-------+-------+-------+-------+-------+----------------------
         Total | 100.0 | 100.0 |   N/A |   N/A | 100.0 | 108.6
       Dungeon | 100.0 | 100.0 |   N/A |   N/A | 100.0 | 108.6
               +-------+-------+-------+-------+-------+----------------------

Vault maps used:
D:1:      scummos_arrival_simple_fountains, kennysheep_decorative_pillar,
          minmay_pentomino_w4
D:2:      yredelemnul_altar_generic, nemelex_xobeh_ov_fountains_minmay,
          minmay_misc_feat_diagonals, serial_bayou_lagoon_b
D:3:      bloody_trog
D:4:      marbit_many_paths, first_ration
D:5:      old_standard_altar, minmay_checkerbox
D:6:      zin_purify
D:7:      minmay_temple_entry_trees
